Cogmind - Beta 10.2 @@@ ROGUE MODE // 2021.06.09 @ 21:53:05 Player: KTG-V3 Result: Escaped singularity! Performance ------------- Evolutions (9) 4500 Regions Visited (28) 5600 Robots Destroyed (469) 2345 Value Destroyed (24554) 24554 Prototype IDs (99) 1980 Alien Tech Used (11) 2200 Bonus (45189) 45189 TOTAL SCORE: 86368 Bonus ------- High Alert Combat Kills 2107 Follower Combat Kills 1543 Entered Garrisons 200 Used RIF Installer 500 Network Hubs Disabled 400 Met Data Miner 300 Built Enhanced Grunts 300 Met R17 at Cetus 500 Scanned by Researcher 500 Destroyed MAIN.C Guards 500 Met MAIN.C 5000 Destroyed MAIN.C Shell 5000 Destroyed MAIN.C 10000 Met Architect 300 Destroyed A8 300 Destroyed A6 400 Destroyed A5 500 Destroyed Architect 15000 Win 3000 Friendly Fire -1161 Cogmind --------- Core Integrity 602/1600 Matter 300/300 Energy 98/100 System Corruption 0% Temperature Cool (0) Movement Core (50) Location Near Former Tau Ceti IV Parts ------- > --- POWER (3) -------- (None) > --- PROPULSION (4) --- (None) > --- UTILITY (14) ----- (None) > --- WEAPON (5) ------- (None) > --- INVENTORY (4) ---- Vortex Chain Reactor Perforator Peak State ------------ > --- POWER ------------ Zero-point Reactor Vortex Chain Reactor > --- PROPULSION ------- Experimental Biometal Heavy Treads Experimental Biometal Heavy Treads > --- UTILITY ---------- 2N-1CE's Frost Array High-capacity Storage Unit High-capacity Storage Unit High-capacity Storage Unit Experimental Energy Well Experimental Optical Array Long-range Terrain Scanner Experimental Terrain Scan Processor Experimental Targeting Computer Advanced Armor Integrity Analyzer Advanced Weapon Cycler Heavy Regenerative Plating AEGIS Remote Shield > --- WEAPON ----------- Heavy Hardcell Cannon Graviton Cannon Perforator > --- INVENTORY -------- Vortex Chain Reactor Experimental Biometal Heavy Treads Coolant Network Experimental Coolant Injector Experimental Energy Well Experimental Energy Well Advanced Matter Compressor Experimental Matter Compressor Experimental Targeting Computer Advanced Armor Integrity Analyzer Improved Weapon Shielding Heavy Regenerative Plating AEGIS Remote Shield Integrity Redistributor Integrity Redistributor Compact HERF Cannon Enhanced Nova Cannon Enhanced Nova Cannon Potential Cannon Cooled Nova Cannon Cooled Nova Cannon Multirail [Rating: 235] Favorites ----------- Power Zero-point Reactor Engine Heavy Deuterium Engine Power Core Micro Fission Core Reactor Zero-point Reactor Propulsion Centrium Heavy Treads Treads Centrium Heavy Treads Leg Aluminum Leg Wheel Wheel Utility High-capacity Storage Unit Device Long-range Sensor Array Storage High-capacity Storage Unit Processor Advanced Signal Interpreter Hackware Hacking Suite Protection Centrium Medium Armor Plating Artifact Phase Armor Weapon Improved KE Penetrator Energy Gun Enhanced Gamma Rifle Energy Cannon Compact HERF Cannon Ballistic Gun Improved KE Penetrator Ballistic Cannon Graviton Cannon Launcher Gamma Bomb Array Special Weapon Advanced Remote Datajack Impact Weapon Mace Slashing Weapon Power Sword Piercing Weapon Spear Special Melee Weapon Improved Datajack Build | -11 -10 -10 -10 -9 -8 -8 -8 -7 -7 -7 -6 -6 -5 -5 -5 -5 -5 -4 -4 -4 -3 -3 -3 -2 -2 -1 -1 -1 ------- Run | Scr Mat Min Exi Min Mat Gar Mat Fac Low Dat Pro Fac Fac Ext Cet Arc Hub Fac Upp Upp Res Qua Sec Res Tes Acc Com Ac0 Slots Evolved 18 | . . . . . 4 . . 2 . . . 2 2 . . . . 2 . . 2 . . 2 . 2 . . Power 2 | . . . . . . . . . . . . . . . . . . . . . 1 . . . . 1 . . Propulsion 2 | . . . . . 1 . . . . . . 1 . . . . . . . . . . . . . . . . Utility 12 | . . . . . 2 . . 2 . . . 1 2 . . . . 1 . . 1 . . 2 . 1 . . Weapon 2 | . . . . . 1 . . . . . . . . . . . . 1 . . . . . . . . . . Parts Attached 997 | 11 10 2 1 . 17 31 18 30 19 1 21 64 58 35 26 6 19 50 16 10 100 100 73 27 51 43 133 25 Power 33 | 2 1 . . . . 1 2 1 . . . 2 2 1 1 . . 1 2 . 3 1 4 . . 1 7 1 Engine 10 | 2 1 . . . . 1 2 1 . . . 2 . . . . . . . . . . . . . . 1 . Core 4 | . . . . . . . . . . . . . 2 1 . . . . 1 . . . . . . . . . Reactor 19 | . . . . . . . . . . . . . . . 1 . . 1 1 . 3 1 4 . . 1 6 1 Propulsion 71 | 4 3 2 . . 4 6 2 2 1 . 1 7 5 7 2 . . . . . 2 4 3 1 1 . 14 . Treads 59 | . . . . . 3 6 2 2 1 . 1 7 5 7 2 . . . . . 2 4 3 1 1 . 12 . Leg 8 | 2 3 2 . . 1 . . . . . . . . . . . . . . . . . . . . . . . Wheel 4 | 2 . . . . . . . . . . . . . . . . . . . . . . . . . . 2 . Hover . | . . . . . . . . . . . . . . . . . . . . . . . . . . . . . Flight . | . . . . . . . . . . . . . . . . . . . . . . . . . . . . . Utility 546 | 1 3 . 1 . 5 6 8 12 10 . 10 19 30 17 8 6 16 35 7 7 72 67 44 12 43 27 69 11 Device 418 | . 1 . . . 4 2 3 8 8 . 7 15 24 15 5 6 11 32 6 7 64 55 33 6 38 21 37 10 Storage 49 | 1 2 . 1 . . 1 1 1 . . 2 . 2 1 2 . 3 1 . . 3 2 4 2 2 1 17 . Processor 14 | . . . . . . . . 1 . . . 1 . . . . . . . . 1 . . 1 3 1 5 1 Hackware 8 | . . . . . . . . . . . . . . . . . 1 . . . 1 3 1 . . 1 1 . Protection 56 | . . . . . 1 3 4 2 2 . 1 3 4 1 1 . 1 2 1 . 3 6 6 3 . 3 9 . Artifact 1 | . . . . . . . . . . . . . . . . . . . . . . 1 . . . . . . Weapon 347 | 4 3 . . . 8 18 6 15 8 1 10 36 21 10 15 . 3 14 7 3 23 28 22 14 7 15 43 13 Energy Gun 29 | 2 1 . . . 4 5 . . . . . . . . 1 . . . 1 2 3 . . 1 . 3 6 . Energy Cannon 111 | . . . . . . . 2 1 . . . 13 9 2 2 . 1 6 2 1 9 16 11 8 3 8 10 7 Ballistic Gun 121 | 2 1 . . . 3 6 2 8 4 1 4 16 10 5 9 . 1 7 3 . 10 5 3 4 . 3 14 . Ballistic Cannon 27 | . 1 . . . 1 3 . . 1 . . . . . . . . . . . . . 3 1 1 . 10 6 Launcher 30 | . . . . . . 4 2 3 2 . 4 . 1 1 3 . 1 1 . . . 1 2 . 3 . 2 . Special Weapon 11 | . . . . . . . . . . . . . . . . . . . 1 . . 5 3 . . 1 1 . Impact Weapon 4 | . . . . . . . . 1 1 . . 1 . . . . . . . . . 1 . . . . . . Slashing Weapon 3 | . . . . . . . . . . . . 3 . . . . . . . . . . . . . . . . Piercing Weapon 1 | . . . . . . . . . . . . . . . . . . . . . 1 . . . . . . . Special Melee Weapon 10 | . . . . . . . . 2 . . 2 3 1 2 . . . . . . . . . . . . . . Unidentified Prototypes 85 | . . . . . . . 1 2 . . . 3 1 . 4 . 1 2 1 . 2 15 8 1 13 1 24 6 Parts Lost 54 | . 1 . . . . 16 . 3 1 . 4 2 6 3 . . . 1 . . . 2 8 . . . 6 1 Power 2 | . . . . . . . . . . . . . . . . . . 1 . . . . 1 . . . . . Propulsion 10 | . . . . . . 4 . . . . 1 2 2 . . . . . . . . . 1 . . . . . Utility 16 | . . . . . . 3 . 1 . . 2 . 2 1 . . . . . . . 2 3 . . . 2 . Weapon 26 | . 1 . . . . 9 . 2 1 . 1 . 2 2 . . . . . . . . 3 . . . 4 1 Highest Loss Streak 8 | . 1 . . . . 8 . 1 1 . 2 2 3 2 . . . 1 . . . 1 5 . . . 6 1 Average Slot Usage (%) 89 | . 97 100 90 85 89 89 89 91 87 92 91 99 99 99 88 88 87 88 88 89 89 85 82 86 86 87 85 75 Engine 2 | . 14 14 14 14 9 9 9 7 7 7 7 6 1 . . . . . . . . . . . . . . . Reactor 4 | . . . . . . . . . . . . . . . 4 5 5 4 4 5 8 8 6 8 8 11 10 7 Treads 12 | . . . . . 4 26 27 23 23 23 23 25 22 23 11 11 11 10 10 10 9 9 9 7 8 7 6 7 Leg 2 | . 26 28 28 28 22 . . . . . . . . . . . . . . . . . . . . . . . Device 8 | . . . . . 11 9 8 7 10 7 6 6 14 10 8 11 6 8 5 5 10 7 8 15 15 13 8 14 Storage 18 | . 26 28 19 14 9 9 9 15 15 15 15 20 19 23 25 23 23 21 20 20 18 18 18 16 16 16 22 15 Processor 7 | . . . . . . . . 7 7 7 7 12 11 11 11 11 11 10 10 10 6 4 4 8 8 8 11 15 Hackware 2 | . . . . . . . . . . . . . . . . . 3 5 5 5 6 9 7 4 4 5 . . Protection 5 | . . . . . 5 9 9 7 4 7 6 6 4 4 5 5 4 6 9 10 6 2 4 4 4 3 3 3 Energy Gun 1 | . 1 . . . 4 6 . . . . . . . . . . . . . 4 . . . . . . 2 . Energy Cannon 1 | . . . . . . . 6 . . . . 3 2 . 1 . . 1 1 . 2 3 4 3 3 2 3 5 Ballistic Gun 14 | . 13 14 14 14 13 12 20 19 12 23 22 14 14 16 13 17 16 18 19 20 19 17 15 16 15 13 4 . Ballistic Cannon 1 | . 11 14 14 14 9 5 . . 2 . . . . . . . . . . . . . . . . . 3 4 Naked Turns 3 | . . . . . . . . . . . . . . . . . . . . . . . . . . . . 3 Heaviest Build 306 | 11 42 42 90 90 104 116 118 147 139 137 138 134 154 170 164 163 178 189 190 191 233 260 240 240 248 277 306 245 Greatest Support 180 | 20 20 40 40 40 60 60 62 62 62 62 62 92 106 127 160 160 160 160 80 80 145 180 180 170 160 155 170 170 Greatest Overweight (x) 3 | . 2 2 2 2 2 1 1 2 2 2 2 1 1 1 1 1 1 2 2 2 3 1 2 1 1 1 3 1 Average Overweight (x) 1 | . 1 1 1 2 1 1 1 2 2 2 1 1 1 1 . . . 1 2 2 2 1 1 1 1 1 1 . Largest Inventory Capacity 48 | 6 16 16 24 24 24 44 44 32 32 32 48 28 34 34 34 34 36 36 36 36 36 36 36 36 36 44 44 28 Average Capacity 33 | 5 14 16 20 24 24 24 24 32 32 32 32 28 30 34 34 34 35 36 36 36 36 36 36 36 36 38 43 27 Most Carried 44 | 6 16 16 24 24 24 24 24 29 32 31 31 28 32 34 34 34 36 36 36 36 36 36 36 36 36 40 44 28 Average Carried 32 | 5 12 15 19 23 22 21 23 23 30 31 30 27 27 30 33 33 35 35 35 36 35 35 35 35 35 36 40 26 Final Capacity 44 | 6 16 16 24 24 24 24 24 32 32 32 28 28 34 34 34 34 36 36 36 36 36 36 36 36 36 44 28 4 Final Carried 40 | 5 16 16 24 24 24 22 24 29 31 31 26 28 31 32 34 34 36 36 36 36 36 36 36 36 36 40 27 4 Class Distribution -------------------- 20% | Hauler-Mutant 18% | Scavenger-Skirmisher 12% | Scavenger-Mutant 11% | Generator-Mutant 9% | Hauler-Skirmisher 6% | Scavenger-Tank 5% | Hauler-Tank 5% | Hauler-Gunner 4% | Mutant Dominant Class ---------------- Mutant | -10/Materials Mutant | -10/Mines Hauler-Mutant | -10/Exiles Hauler-Mutant | -9/Mines Hauler-Tank | -8/Materials Hauler-Mutant | -8/Garrison Hauler-Tank | -8/Materials Hauler-Skirmisher | -7/Factory Hauler-Mutant | -7/Lower Caves Hauler-Skirmisher | -7/Data Miner Hauler-Skirmisher | -6/Proximity Caves Hauler-Gunner | -6/Factory Hauler-Gunner | -5/Factory Hauler-Skirmisher | -5/Extension Scavenger-Skirmisher | -5/Cetus Scavenger-Skirmisher | -5/Archives Scavenger-Skirmisher | -5/Hub_04(d) Scavenger-Tank | -4/Factory Scavenger-Skirmisher | -4/Upper Caves Scavenger-Skirmisher | -4/Upper Caves Scavenger-Mutant | -3/Research Hauler-Mutant | -3/Quarantine Hauler-Mutant | -3/Section 7 Scavenger-Mutant | -2/Research Scavenger-Mutant | -2/Testing Generator-Mutant | -1/Access Generator-Mutant | -1/Command Generator-Skirmisher | -1/Access_0 Resources | -11 -10 -10 -10 -9 -8 -8 -8 -7 -7 -7 -6 -6 -5 -5 -5 -5 -5 -4 -4 -4 -3 -3 -3 -2 -2 -1 -1 -1 ----------- Run | Scr Mat Min Exi Min Mat Gar Mat Fac Low Dat Pro Fac Fac Ext Cet Arc Hub Fac Upp Upp Res Qua Sec Res Tes Acc Com Ac0 Matter Collected 24251 | 210 562 281 10 45 576 826 924 499 386 . 464 961 1218 1053 342 232 386 1194 188 260 2215 2962 1750 547 953 692 3505 1010 Remotely 6914 | . . . . . . . . 149 186 . 114 . 289 10 . 22 54 586 62 81 1078 1172 351 . 345 662 1753 . Salvage Created 25935 | 196 586 156 . 17 677 1184 1744 480 393 . 685 1100 1976 962 495 153 974 1127 207 260 2036 2707 2080 456 867 1153 2317 947 Parts 1201 | 12 44 11 . 4 28 60 84 18 10 . 22 65 74 36 20 8 48 50 10 9 106 125 96 23 67 66 88 17 Haulers Intercepted 8 | . 1 . . . . . 2 . . . . . 3 . . . . 1 . . . 1 . . . . . . Recyclers Shooed 31 | . 6 1 . . 3 . 3 1 . . . . 8 1 . . . 1 . . 4 . 1 1 1 . . . Parts Field Recycled . | . . . . . . . . . . . . . . . . . . . . . . . . . . . . . Retrieved Matter . | . . . . . . . . . . . . . . . . . . . . . . . . . . . . . Parts Self-Destructed 41 | . . . . . . . . . 10 . 21 . . . . . . . 4 6 . . . . . . . . Prevented . | . . . . . . . . . . . . . . . . . . . . . . . . . . . . . Kills | -11 -10 -10 -10 -9 -8 -8 -8 -7 -7 -7 -6 -6 -5 -5 -5 -5 -5 -4 -4 -4 -3 -3 -3 -2 -2 -1 -1 -1 ------- Run | Scr Mat Min Exi Min Mat Gar Mat Fac Low Dat Pro Fac Fac Ext Cet Arc Hub Fac Upp Upp Res Qua Sec Res Tes Acc Com Ac0 Combat Hostiles Destroyed 348 | . 11 1 . 2 8 36 29 15 7 . 15 15 18 11 7 1 7 17 3 3 19 34 23 4 12 10 22 18 Guns 199 | . 9 . . 1 6 19 20 4 2 . 8 10 13 8 2 1 4 14 3 3 17 26 10 2 5 4 8 . Cannons 48 | . 2 1 . 1 2 3 4 . 1 . . 1 1 . . . . 1 . . . 2 5 1 3 2 5 13 AOE 60 | . . . . . . 14 5 11 4 . 7 1 2 . . . 3 1 . . . 3 . . 4 . 1 4 Classes Destroyed 24 | 2 6 1 . . 2 3 1 3 . . . . . . . . . . 1 1 . 3 . . . . 1 . Worker 22 | . 1 . . . 3 . 5 . . . . . 1 . . . 6 2 . . 1 1 1 . . 1 . . Builder 14 | . 1 1 . . . . 4 . . . . 2 . . . . 1 . . . . 3 . . 2 . . . Tunneler 11 | 5 1 1 . . . . . . . . . 1 . . . . 2 . . . 1 . . . . . . . Hauler 8 | . 1 . . . . . 2 . . . . . 3 . . . . 1 . . . 1 . . . . . . Recycler 34 | 1 4 2 . . 4 . 3 . . . . . 6 2 . . 2 1 . . 3 . 1 1 2 2 . . Mechanic 1 | . . . . . . . . 1 . . . . . . . . . . . . . . . . . . . . Operator 9 | . 1 . . . . . 1 . . . . 1 . . . 2 2 . . . 1 1 . . . . . . Watcher 20 | . . . . . . . 1 . . . . 4 4 2 1 . 2 2 . . 2 . 2 . . . . . Swarmer 58 | . 6 . . 2 3 14 2 . 3 . . 3 5 . 2 . 3 6 . . . 5 . . 4 . . . Grunt 95 | . 5 . . . 1 14 17 8 3 . 8 1 5 6 . . . 3 . 2 . 16 6 . . . . . Brawler 11 | . . . . . . 2 1 2 . . 3 . . 1 . . . . . . 1 . 1 . . . . . Duelist 9 | . . . . . . 2 2 2 1 . 1 1 . . . . . . . . . . . . . . . . Protector 2 | . . . . . . . . 1 . . 1 . . . . . . . . . . . . . . . . . Researcher 1 | . . . . . . . . . . . . . . . . . . . . . . 1 . . . . . . Sentry 44 | . . . . . 3 2 6 1 . . 2 5 2 2 . 1 1 . . . 7 . 5 2 . 2 3 . Demolisher 1 | . . . . . . . . . . . . . . . . . . . . . . . . . . . 1 . Hunter 28 | . . . . . 1 . 1 . . . . 2 2 2 . . . 2 . . . 4 4 . . 2 8 . Programmer 55 | . . . . . . . . 1 . . . 3 4 . . . 2 6 . . 11 7 4 2 8 4 3 . Q-Series 4 | . . . . . . . . . . . . . . . . . . . . . . 1 1 . . 2 . . Behemoth 4 | . . . . . . 2 . . . . . . . . . . 1 . . . . . . . . . 1 . Cetus Guard 5 | . . . . . . . . . . . . . . . 5 . . . . . . . . . . . . . S7 Guard 2 | . . . . . . . . . . . . . . . . . . . . . . . 2 . . . . . M Guard 2 | . . . . . . . . . . . . . . . . . . . . . . . . . . . 2 . Enhanced Grunt 13 | . . . . . . . . . . . . . . . . . 2 . . . . . . . . . . 11 Enhanced Hunter 3 | . . . . . . . . . . . . . . . . . . . . . . . . . . . . 3 Combat Programmer 2 | . . . . . . . . . . . . . . . . . . . . . . . . . . . 2 . Fortress 1 | . . . . . . . . . . . . . . . . . . . . . . 1 . . . . . . Assembled 1 | . . 1 . . . . . . . . . . . . . . . . . . . . . . . . . . Thug 1 | . . . . . . . . . . . . . . . . . . . 1 . . . . . . . . . Fireman 2 | . . . . . . . . . . . . . . . . . . . 2 . . . . . . . . . Mutant 1 | . . . . . . . . . . . . . . . . . . . . 1 . . . . . . . . Best Kill Streak 19 | 6 4 3 . 2 7 10 19 6 4 . 4 4 5 5 4 1 7 5 3 1 3 7 14 3 5 4 5 4 Combat Bots Only 13 | . 3 1 . 2 2 10 7 6 4 . 4 3 4 4 3 1 3 5 3 1 3 6 13 2 4 3 5 4 Max Kills in Single Turn 6 | 2 2 1 . 1 2 3 4 4 2 . 1 2 2 1 1 1 6 3 2 1 1 3 2 1 3 1 3 1 Gunslinging 1 | . . . . . . . . . . . . . . . . . . 1 1 . . 1 . . . . . . Exploded 3 | . . . . . . 3 2 3 2 . 1 1 1 . . . 3 1 . . . 3 . . 3 . 1 1 Melee . | . . . . . . . . . . . . . . . . . . . . . . . . . . . . . Uniques/NPCs Destroyed 7 | . . . . . . . . . . . . . . . 1 . . . . . . . . . . . 2 4 Revision 17 (-5/Cetus) MAIN.C Shell (-1/Command) MAIN.C (-1/Command) A8 (-1/Access_0) A6 (-1/Access_0) A5 (-1/Access_0) Architect (-1/Access_0) Combat | -11 -10 -10 -10 -9 -8 -8 -8 -7 -7 -7 -6 -6 -5 -5 -5 -5 -5 -4 -4 -4 -3 -3 -3 -2 -2 -1 -1 -1 -------- Run | Scr Mat Min Exi Min Mat Gar Mat Fac Low Dat Pro Fac Fac Ext Cet Arc Hub Fac Upp Upp Res Qua Sec Res Tes Acc Com Ac0 Damage Taken 31002 | . 460 22 . 29 457 2825 1328 808 303 . 635 1263 1310 1012 364 22 605 764 24 105 1184 3342 3364 182 263 924 5345 4062 Core 2673 | . 104 . . 6 27 247 161 108 58 . . 157 159 22 21 . 55 41 . 24 59 670 111 24 15 17 190 397 Absorbed by Shields 13169 | . . . . . . 86 . . . . . . . 11 244 . 90 154 25 24 1129 665 1219 188 291 626 4469 3948 Reduced by Siege Mode 692 | . . . . . . . . . . . . . . . . . . 5 . . 29 194 183 3 11 61 140 66 Redirected to Core 482 | . . . . . . . . . . . . . . . . . . . . . . 482 . . . . . . Core Remaining (%) 65 | 100 . . . 56 . . 20 . . . 76 81 . . . . 74 . . 94 . . 25 . 92 . . 37 Volleys Fired 1350 | 16 65 10 . 5 52 91 73 26 8 . 30 54 67 53 12 15 25 38 16 8 90 138 90 30 68 63 89 118 Largest 5 | 2 2 2 . 2 3 3 3 3 3 . 3 3 3 3 3 3 3 4 4 5 5 5 4 5 4 5 5 2 Hottest 340 | 100 70 55 . 55 115 145 128 90 97 . 72 156 148 85 100 105 105 144 140 215 233 237 135 165 140 260 340 320 Shots Fired 2977 | 31 116 20 . 10 146 222 196 51 17 . 61 128 166 134 15 43 59 113 22 31 268 327 176 46 122 99 239 119 Gun 2052 | 31 73 10 . 5 99 150 152 35 9 . 52 82 135 125 5 43 51 96 8 31 222 239 115 20 72 43 149 . Cannon 850 | . 43 10 . 5 47 59 38 5 4 . . 46 29 9 3 . 7 15 13 . 46 80 53 26 48 55 90 119 Launcher 67 | . . . . . . 13 6 11 4 . 9 . 2 . 7 . 1 2 . . . 3 7 . 2 . . . Special 8 | . . . . . . . . . . . . . . . . . . . 1 . . 5 1 . . 1 . . Kinetic 2056 | . 108 20 . 10 110 131 152 35 13 . 52 82 135 125 5 43 51 96 8 24 211 239 118 20 72 36 149 11 Thermal 458 | 31 8 . . . . 17 38 . . . . 8 13 . . . 7 5 13 7 45 55 6 18 48 24 10 105 Explosive 53 | . . . . . . 13 6 11 4 . 9 . 2 . . . 1 2 . . . 3 . . 2 . . . Electromagnetic 402 | . . . . . 36 61 . 5 . . . 38 16 9 10 . . 10 . . 12 25 51 8 . 38 80 3 Robot Hit Streak 42 | 8 15 7 . 2 5 30 23 9 6 . 8 23 16 20 9 4 7 19 19 22 28 39 31 15 24 21 42 18 Robot Miss Streak 9 | 4 6 3 . 1 6 3 4 3 2 . 3 3 7 4 1 2 3 4 . 1 5 5 4 2 2 3 9 5 Penetration Max 2 | . . . . . . . . . . . . 1 1 1 1 . 1 1 . . 1 1 2 1 1 . . . Secondary Targets 28 | . . . . . . 1 1 1 . . 1 1 1 1 . . . 5 1 . 2 8 3 . 1 . 1 . Max Gunslinging Chain 1 | . . . . . . 1 1 1 . . 1 1 1 1 . . . 1 1 . 1 1 1 . 1 . 1 . Shots Hit Robots 2020 | 18 72 12 . 5 74 161 130 39 13 . 46 104 131 115 9 25 23 71 5 23 155 226 138 24 79 66 180 76 Core Hits 1035 | 7 31 7 . 2 28 77 70 43 18 . 47 43 113 60 15 10 29 32 3 7 53 85 54 6 24 16 74 81 Critical Hits 122 | . . 1 . . 1 . 4 1 . . . 3 . . 1 7 5 15 . 3 15 15 7 1 2 1 3 37 Critical Kills 45 | . . 1 . . . . 3 . . . . 1 . . . 1 4 10 . 1 8 2 2 1 . 1 1 9 Critical Parts Destroyed 59 | . . . . . 1 . 1 1 . . . 1 . . 1 6 1 5 . 2 5 13 5 . 2 . . 15 Melee Attacks 31 | . . . . . . . . 4 4 . 2 12 1 6 . . . . . . . 2 . . . . . . Kinetic 2 | . . . . . . . . . . . . . . . . . . . . . . 2 . . . . . . Impact 6 | . . . . . . . . 1 4 . . 1 . . . . . . . . . . . . . . . . Slashing 7 | . . . . . . . . . . . . 7 . . . . . . . . . . . . . . . . Piercing . | . . . . . . . . . . . . . . . . . . . . . . . . . . . . . Sneak Attacks 15 | . . . . . . . . 3 . . 2 3 1 6 . . . . . . . . . . . . . . Combat Hostiles . | . . . . . . . . . . . . . . . . . . . . . . . . . . . . . Follow-up Attacks . | . . . . . . . . . . . . . . . . . . . . . . . . . . . . . Damage Inflicted 77963 | 226 1015 212 . 53 868 4016 3426 2099 745 . 1707 2623 3566 2696 1146 535 2187 2379 133 568 4692 7205 4766 921 3592 1895 7267 17425 Guns 35123 | 226 701 94 . 15 643 1809 1982 427 137 . 731 1349 2573 2321 125 535 859 1663 133 568 3975 5311 2566 584 2021 530 3245 . Cannons 22831 | . 307 118 . 38 225 604 704 36 19 . . 814 610 297 92 . . 348 . . 717 1293 1299 337 751 1365 3226 9631 Explosions 19319 | . . . . . . 1603 740 1636 328 . 976 97 383 78 929 . 1328 368 . . . 542 901 . 820 . 796 7794 Melee 683 | . . . . . . . . . 261 . . 363 . . . . . . . . . 59 . . . . . . Ramming 7 | . 7 . . . . . . . . . . . . . . . . . . . . . . . . . . . Kinetic 35678 | . 969 212 . 53 612 1598 1982 427 156 . 731 1349 2573 2321 125 535 859 1663 133 483 3783 5370 2566 584 2021 469 4015 89 Thermal 22882 | 226 39 . . . . 277 704 . . . . 97 193 78 212 . 19 36 . 85 478 292 313 87 751 197 1570 17228 Explosive 7558 | . . . . . . 1558 740 1636 328 . 976 . 320 . . . 270 368 . . . 542 . . 820 . . . Electromagnetic 11214 | . . . . . 256 583 . 36 . . . 814 480 297 809 . 1039 312 . . 431 1001 1887 250 . 1229 1682 108 Impact 261 | . . . . . . . . . 261 . . . . . . . . . . . . . . . . . . . Slashing 363 | . . . . . . . . . . . . 363 . . . . . . . . . . . . . . . . Piercing . | . . . . . . . . . . . . . . . . . . . . . . . . . . . . . Highest Corruption 22 | . . . . . . . . 7 7 . . 1 1 2 2 2 4 4 4 . 9 12 22 . . . . . Average Corruption 5 | . . . . . . . . 4 5 . . 1 1 1 2 1 3 2 3 . 4 7 16 . . . . . Corruption Purged 30 | . . . . . . . . . 7 . . . . . . 2 . . 4 . 8 9 . . . . . . Effects 406 | . . . . . . . . 31 14 . . 16 4 13 5 8 . 18 8 . 54 128 107 . . . . . Message Errors 89 | . . . . . . . . 6 4 . . 7 3 8 1 2 . 6 3 . 11 22 16 . . . . . Matter Fused 61 | . . . . . . . . 7 4 . . . . . . . . 1 . . 10 24 15 . . . . . Heat Flow Errors 47 | . . . . . . . . 6 2 . . . . 1 2 1 . 5 1 . 11 9 9 . . . . . Energy Discharges 34 | . . . . . . . . 3 1 . . 6 1 2 . 2 . . 1 . 1 10 7 . . . . . Parts Rejected 2 | . . . . . . . . . . . . . . . . . . . . . . 1 1 . . . . . Data Loss (minor) 51 | . . . . . . . . 2 2 . . 1 . 1 2 2 . 3 3 . 8 19 8 . . . . . Data Loss (major) 11 | . . . . . . . . . . . . . . . . . . . . . 1 7 3 . . . . . Misfires 15 | . . . . . . . . 2 1 . . . . . . . . . . . 3 4 5 . . . . . Alerts 4 | . . . . . . . . . . . . . . . . . . . . . . 1 3 . . . . . Misdirections 13 | . . . . . . . . . . . . . . . . . . . . . . 4 9 . . . . . Targeting Errors 69 | . . . . . . . . 5 . . . 2 . 1 . 1 . 2 . . 7 26 25 . . . . . Weapon Failures 10 | . . . . . . . . . . . . . . . . . . 1 . . 2 1 6 . . . . . Overload Shots 2 | . . . . . . . . . . . . . . . . . . . . . . . . . . . 2 . Effects 1 | . . . . . . . . . . . . . . . . . . . . . . . . . . . 1 . Heat Surge 1 | . . . . . . . . . . . . . . . . . . . . . . . . . . . 1 . Overflow Damage 2143 | . 20 9 . . . 47 13 63 135 . 6 259 22 . 14 . 143 84 . . 36 85 59 . 60 . 57 1031 Projectiles 958 | . 20 9 . . . 5 13 . . . . 61 6 . . . . 6 . . 36 50 29 . 36 . 57 630 Explosions 852 | . . . . . . 42 . 63 . . 6 . 16 . 14 . 143 78 . . . 35 30 . 24 . . 401 Melee 333 | . . . . . . . . . 135 . . 198 . . . . . . . . . . . . . . . . Knockbacks 25 | . 4 1 . . 2 3 . . 4 . . . . . . . . . . . . . . . . . 11 . Impact 2 | . . . . . . . . . 2 . . . . . . . . . . . . . . . . . . . Kinetic 22 | . 3 1 . . 2 3 . . 2 . . . . . . . . . . . . . . . . . 11 . Secondary 1 | . 1 . . . . . . . . . . . . . . . . . . . . . . . . . . . Self-Inflicted Damage 985 | . 2 . . . . 49 17 182 . . 33 53 . . . . 140 . . . . . 203 . 18 . 16 272 Shots 24 | . . . . . . 1 1 5 . . 1 1 . . . . 2 . . . . . 8 . 1 . 1 3 Rammed 1 | . 1 . . . . . . . . . . . . . . . . . . . . . . . . . . . Targets Rammed 2 | . 2 . . . . . . . . . . . . . . . . . . . . . . . . . . . Kicked 1 | . 1 . . . . . . . . . . . . . . . . . . . . . . . . . . . Crushed . | . . . . . . . . . . . . . . . . . . . . . . . . . . . . . Highest Temperature 560 | 560 84 . . . 37 367 328 277 165 . 49 352 109 207 224 173 68 297 190 271 487 233 344 . 100 264 207 105 Average Temperature 78 | 295 28 . . . 15 75 74 107 58 . 18 57 36 81 116 33 23 83 46 131 82 69 99 . 22 73 60 49 Received Heat Transfer 3524 | . 135 . . . 99 813 522 162 66 . 96 282 135 189 17 . 27 27 18 63 72 317 273 12 . . 88 111 Effects 19 | 12 . . . . . 2 . . . . . 1 . . . . . . . . 4 . . . . . . . Shutdowns 2 | . . . . . . 1 . . . . . . . . . . . . . . 1 . . . . . . . Energy Bleed 3 | 2 . . . . . . . . . . . 1 . . . . . . . . . . . . . . . . Interference 3 | . . . . . . 1 . . . . . . . . . . . . . . 2 . . . . . . . Short Circuit 3 | 3 . . . . . . . . . . . . . . . . . . . . . . . . . . . . Damage (minor) 2 | 1 . . . . . . . . . . . . . . . . . . . . 1 . . . . . . . Damage (major) 6 | 6 . . . . . . . . . . . . . . . . . . . . . . . . . . . . Siege Activations 51 | . . . . . . . . . . . . . . . . . . 3 1 2 9 12 7 1 2 3 6 5 Total Turns 1031 | . . . . . . . . . . . . . . . . . . 26 9 34 124 234 128 114 100 100 105 57 Longest Duration 114 | . . . . . . . . . . . . . . . . . . 14 9 29 32 36 70 114 68 55 44 20 Robots Corrupted 43 | . . . . . . . . . . . . 3 2 3 5 . 2 1 . . 2 2 9 1 . 4 8 1 Combat Hostiles 40 | . . . . . . . . . . . . 3 2 3 5 . . 1 . . 2 2 8 1 . 4 8 1 Parts Fried 103 | . . . . . . . . . 2 . . 7 6 6 4 . 7 7 . . 4 12 13 2 . 7 22 4 Impact Corruptions 10 | . . . . . . . . . 10 . . . . . . . . . . . . . . . . . . . Robots Melted . | . . . . . . . . . . . . . . . . . . . . . . . . . . . . . Combat Hostiles . | . . . . . . . . . . . . . . . . . . . . . . . . . . . . . Parts Melted 11 | 2 . . . . . 1 . . . . . . 2 . . . . . . . 1 . . . 5 . . . Heat Transferred 11912 | 666 111 . . . . 568 1221 . . . . 100 300 50 100 . 50 25 . 148 434 211 250 74 555 148 470 6431 Parts Sabotaged . | . . . . . . . . . . . . . . . . . . . . . . . . . . . . . Parts Stolen . | . . . . . . . . . . . . . . . . . . . . . . . . . . . . . Parts Stripped . | . . . . . . . . . . . . . . . . . . . . . . . . . . . . . Power Chain Reactions 13 | . . . . . . 1 . . . . . 2 1 1 1 . 1 . . . . . 4 . . . 1 1 Missiles Intercepted 7 | . . . . . . . . . . . . . . . . . . . . . . . . . . . 7 . Alert | -11 -10 -10 -10 -9 -8 -8 -8 -7 -7 -7 -6 -6 -5 -5 -5 -5 -5 -4 -4 -4 -3 -3 -3 -2 -2 -1 -1 -1 ------- Run | Scr Mat Min Exi Min Mat Gar Mat Fac Low Dat Pro Fac Fac Ext Cet Arc Hub Fac Upp Upp Res Qua Sec Res Tes Acc Com Ac0 Peak Influence 1258 | 30 226 50 . 65 220 1149 1258 641 . . . 353 399 566 672 509 927 618 . . 217 472 402 195 365 211 323 . Initial 559 | . 19 37 . . . 19 559 546 . . . 50 172 195 231 243 . 453 . . . 108 31 195 83 55 . . Average 246 | 15 127 26 . 32 104 738 980 577 . . . 119 258 353 456 231 263 413 . . 95 146 207 86 144 99 181 . Maximum Alert Level 4 | . 1 . . . 1 4 4 2 . . . 1 1 2 2 2 3 2 . . 1 2 2 . 1 1 2 . Low Security (%) 46 | 100 89 100 . 100 88 8 . . . . . 86 23 6 . 50 36 3 . . 88 61 46 100 77 97 6 . Level 1 29 | . 10 . . . 11 7 . . . . . 14 76 54 36 27 47 31 . . 11 37 53 . 22 2 48 . Level 2 19 | . . . . . . 26 16 100 . . . . . 38 63 21 15 64 . . . 1 . . . . 44 . Level 3 3 | . . . . . . 49 45 . . . . . . . . . 1 . . . . . . . . . . . Level 4 1 | . . . . . . 8 38 . . . . . . . . . . . . . . . . . . . . . Level 5 . | . . . . . . . . . . . . . . . . . . . . . . . . . . . . . High Security . | . . . . . . . . . . . . . . . . . . . . . . . . . . . . . Max Security . | . . . . . . . . . . . . . . . . . . . . . . . . . . . . . Squads Dispatched 71 | . 4 . . . 1 . 8 6 . . 1 5 5 2 . . 2 7 . . 7 12 3 1 3 3 1 . Investigation 6 | . 1 . . . . . 2 . . . . . . 1 . . . . . . 2 . . . . . . . Extermination 31 | . . . . . . . . 2 . . . 3 2 . . . 1 4 . . 5 5 2 1 3 3 . . Reinforcement 20 | . 3 . . . . . 1 1 . . . 1 3 1 . . 1 . . . . 7 1 . . . 1 . Assault 6 | . . . . . . . 2 3 . . 1 . . . . . . . . . . . . . . . . . Garrison 8 | . . . . . 1 . 3 . . . . 1 . . . . . 3 . . . . . . . . . . Intercept . | . . . . . . . . . . . . . . . . . . . . . . . . . . . . . Construction Impeded 4 | . . . . . . . . 1 . . . . . . . . 1 . . . . 2 . . . . . . Haulers Reinforced 2 | . . . . . . . . . . . . . 2 . . . . . . . . . . . . . . . Stealth | -11 -10 -10 -10 -9 -8 -8 -8 -7 -7 -7 -6 -6 -5 -5 -5 -5 -5 -4 -4 -4 -3 -3 -3 -2 -2 -1 -1 -1 --------- Run | Scr Mat Min Exi Min Mat Gar Mat Fac Low Dat Pro Fac Fac Ext Cet Arc Hub Fac Upp Upp Res Qua Sec Res Tes Acc Com Ac0 Distress Signals 53 | . 1 . . . 4 . 1 . . . . 2 3 1 2 . . 2 . . 1 2 1 . . 1 32 . Communications Jammed 24 | . . . . . . . . . . . . . 10 . . . . 5 . . . 8 . . 1 . . . Distress Signals 22 | . . . . . . . . . . . . . 8 . . . . 5 . . . 8 . . 1 . . . Times Spotted 572 | . 22 7 . 3 16 38 41 19 8 . 18 24 31 30 17 8 31 25 3 4 20 63 29 7 21 11 31 45 Peak Tracking Total 17 | . 4 7 . 3 3 7 5 6 4 . 5 4 5 7 5 1 17 6 3 2 3 7 7 2 6 2 6 4 Tactical Retreats 30 | . 1 . . 1 2 2 3 . 1 . . 1 2 5 . . 2 1 . 1 1 4 1 . 1 . 1 . Traps | -11 -10 -10 -10 -9 -8 -8 -8 -7 -7 -7 -6 -6 -5 -5 -5 -5 -5 -4 -4 -4 -3 -3 -3 -2 -2 -1 -1 -1 ------- Run | Scr Mat Min Exi Min Mat Gar Mat Fac Low Dat Pro Fac Fac Ext Cet Arc Hub Fac Upp Upp Res Qua Sec Res Tes Acc Com Ac0 Traps Triggered 41 | . 1 . . . . 8 . 4 . . . . 1 2 . . . . . . 2 . 2 1 1 . 19 . Indirectly . | . . . . . . . . . . . . . . . . . . . . . . . . . . . . . Trap Hack Attempts . | . . . . . . . . . . . . . . . . . . . . . . . . . . . . . Triggered . | . . . . . . . . . . . . . . . . . . . . . . . . . . . . . Disarmed . | . . . . . . . . . . . . . . . . . . . . . . . . . . . . . Reprogrammed . | . . . . . . . . . . . . . . . . . . . . . . . . . . . . . Reused . | . . . . . . . . . . . . . . . . . . . . . . . . . . . . . Traps Extracted . | . . . . . . . . . . . . . . . . . . . . . . . . . . . . . Installed . | . . . . . . . . . . . . . . . . . . . . . . . . . . . . . Triggered 3 | . . . . . . . . . . . . . . . . . . . . . . . . 1 . . 2 . Machines | -11 -10 -10 -10 -9 -8 -8 -8 -7 -7 -7 -6 -6 -5 -5 -5 -5 -5 -4 -4 -4 -3 -3 -3 -2 -2 -1 -1 -1 ---------- Run | Scr Mat Min Exi Min Mat Gar Mat Fac Low Dat Pro Fac Fac Ext Cet Arc Hub Fac Upp Upp Res Qua Sec Res Tes Acc Com Ac0 Machines Disabled 88 | . 2 . . . 1 2 1 . . . . 6 4 1 . 5 17 5 . 1 1 11 7 . 13 . 6 5 Max in Single Turn 9 | . 1 . . . 1 1 1 . . . . 1 1 1 . 2 9 2 . 1 1 1 1 . 2 . 2 1 Garrison Access 10 | . . . . . . . 1 1 . . . 1 1 . . . . . . . 1 1 1 1 1 1 . . Garrison Relay 2 | . . . . . . 2 . . . . . . . . . . . . . . . . . . . . . . Phase Generator 1 | . . . . . . . . . . . . . . . . . . . . . . . . . . . 1 . Network Hub 2 | . . . . . . . . . . . . . . . . . 2 . . . . . . . . . . . Machines Sabotaged . | . . . . . . . . . . . . . . . . . . . . . . . . . . . . . Garrisons Compromised . | . . . . . . . . . . . . . . . . . . . . . . . . . . . . . Overloaded Fab Kills . | . . . . . . . . . . . . . . . . . . . . . . . . . . . . . Fab Network Shutdowns . | . . . . . . . . . . . . . . . . . . . . . . . . . . . . . Hacking | -11 -10 -10 -10 -9 -8 -8 -8 -7 -7 -7 -6 -6 -5 -5 -5 -5 -5 -4 -4 -4 -3 -3 -3 -2 -2 -1 -1 -1 --------- Run | Scr Mat Min Exi Min Mat Gar Mat Fac Low Dat Pro Fac Fac Ext Cet Arc Hub Fac Upp Upp Res Qua Sec Res Tes Acc Com Ac0 Machines Accessed 98 | . 5 . 1 . 7 . 5 2 . 4 . 15 7 1 2 . 7 6 1 . 5 10 9 2 3 5 1 . Terminals 64 | . 4 . . . 6 . 3 . . . . 8 4 1 2 . 7 3 . . 4 8 6 1 2 4 1 . Fabricators 4 | . . . . . . . . 1 . . . 1 1 . . . . 1 . . . . . . . . . . Repair Stations 9 | . 1 . . . . . . . . . . 4 1 . . . . 2 . . . . 1 . . . . . Recycling Units . | . . . . . . . . . . . . . . . . . . . . . . . . . . . . . Scanalyzers 4 | . . . . . . . 1 . . . . 1 . . . . . . . . . 1 1 . . . . . Garrison Access 11 | . . . . . 1 . 1 1 . . . 1 1 . . . . . . . 1 1 1 1 1 1 . . Total Hacks 316 | . 21 . 4 . 17 . 20 4 . 29 . 31 21 2 4 . 24 24 1 . 19 32 29 8 16 9 1 . Successful 186 | . 7 . 4 . 6 . 14 4 . 29 . 14 7 . 2 . 13 11 1 . 6 27 20 5 11 4 1 . Failed 130 | . 14 . . . 11 . 6 . . . . 17 14 2 2 . 11 13 . . 13 5 9 3 5 5 . . Catastrophic 30 | . 2 . . . 4 . 3 . . . . 3 6 1 1 . 2 3 . . 1 . 1 . 1 2 . . Database Lockouts . | . . . . . . . . . . . . . . . . . . . . . . . . . . . . . Manual 146 | . 14 . . . 13 . 4 . . . . 12 11 . 2 . 13 14 . . 11 15 15 6 10 6 . . Terminals 216 | . 18 . . . 16 . 7 . . . . 18 17 2 4 . 24 16 . . 17 26 22 7 14 7 1 . Fabricators 9 | . . . . . . . . 3 . . . 2 1 . . . . 3 . . . . . . . . . . Repair Stations 22 | . 3 . . . . . . . . . . 8 2 . . . . 5 . . . . 4 . . . . . Recycling Units . | . . . . . . . . . . . . . . . . . . . . . . . . . . . . . Scanalyzers 20 | . . . . . . . 12 . . . . 2 . . . . . . . . . 4 2 . . . . . Garrison Access 15 | . . . . . 1 . 1 1 . . . 1 1 . . . . . . . 2 2 1 1 2 2 . . Terminal Hacks 106 | . 4 . 4 . 2 . 1 . . 29 . 3 4 . 2 . 9 4 1 . 3 15 12 3 7 2 1 . Record 26 | . . . 4 . . . . . . 11 . . 2 . 2 . 1 . . . . 4 2 . . . . . Part Schematic 8 | . 1 . . . . . . . . 7 . . . . . . . . . . . . . . . . . . Robot Schematic 8 | . . . . . . . . . . 8 . . . . . . . . . . . . . . . . . . Prototype ID Bank 4 | . . . . . . . . . . 3 . . . . . . . . . . . 1 . . . . . . Open Door 2 | . . . . . . . . . . . . . . . . . . . 1 . . . . . . . 1 . Level Access Points 3 | . . . . . . . . . . . . . . . . . 1 . . . . . 1 . 1 . . . Branch Access Points 7 | . 1 . . . . . 1 . . . . 1 1 . . . . 1 . . 1 . . 1 . . . . Emergency Access Points 2 | . . . . . . . . . . . . . . . . . . . . . . . 1 . 1 . . . Machine Index 2 | . . . . . . . . . . . . . . . . . . . . . 1 . . . . 1 . . Terminal Index 2 | . 1 . . . . . . . . . . . . . . . . . . . . . 1 . . . . . Garrison Index 1 | . . . . . . . . . . . . . . . . . 1 . . . . . . . . . . . Unreport Threat 14 | . . . . . . . . . . . . . 1 . . . 2 1 . . 1 4 1 1 2 1 . . Locate Traps 20 | . 1 . . . 2 . . . . . . 2 . . . . 4 2 . . . 3 4 1 1 . . . Recall Reinforcements 1 | . . . . . . . . . . . . . . . . . . . . . . 1 . . . . . . Zone Layout 6 | . . . . . . . . . . . . . . . . . . . . . . 2 2 . 2 . . . Fabricator Hacks 6 | . . . . . . . . 3 . . . 1 . . . . . 2 . . . . . . . . . . Load Schematic 3 | . . . . . . . . 1 . . . 1 . . . . . 1 . . . . . . . . . . Build 3 | . . . . . . . . 2 . . . . . . . . . 1 . . . . . . . . . . Repair Station Hacks 14 | . 2 . . . . . . . . . . 6 1 . . . . 3 . . . . 2 . . . . . Scan Component 8 | . 1 . . . . . . . . . . 3 1 . . . . 2 . . . . 1 . . . . . Repair 6 | . 1 . . . . . . . . . . 3 . . . . . 1 . . . . 1 . . . . . Recycling Unit Hacks . | . . . . . . . . . . . . . . . . . . . . . . . . . . . . . Scanalyzer 19 | . . . . . . . 12 . . . . 2 . . . . . . . . . 3 2 . . . . . Insert Component 12 | . . . . . . . 6 . . . . 1 . . . . . . . . . 3 2 . . . . . Analyze 7 | . . . . . . . 6 . . . . 1 . . . . . . . . . . . . . . . . Garrison Access Hacks 15 | . . . . . 1 . 1 1 . . . 1 1 . . . . . . . 2 2 1 1 2 2 . . Unlock Access 1 | . . . . . 1 . . . . . . . . . . . . . . . . . . . . . . . Seal Access 10 | . . . . . . . 1 1 . . . 1 1 . . . . . . . 1 1 1 1 1 1 . . Coupler Status 4 | . . . . . . . . . . . . . . . . . . . . . 1 1 . . 1 1 . . Unauthorized Hacks 26 | . 1 . . . 3 . . . . . . 1 1 . . . 4 2 . . 1 7 3 1 2 . . . Terminals 26 | . 1 . . . 3 . . . . . . 1 1 . . . 4 2 . . 1 7 3 1 2 . . . Track 6 | . . . . . . . . . . . . . . . . . . . . . . 4 2 . . . . . Assimilate 3 | . . . . . . . . . . . . . . . . . 2 . . . . 1 . . . . . . Botnet 17 | . 1 . . . 3 . . . . . . 1 1 . . . 2 2 . . 1 2 1 1 2 . . . Fabricators . | . . . . . . . . . . . . . . . . . . . . . . . . . . . . . Repair Stations . | . . . . . . . . . . . . . . . . . . . . . . . . . . . . . Recycling Units . | . . . . . . . . . . . . . . . . . . . . . . . . . . . . . Scanalyzers . | . . . . . . . . . . . . . . . . . . . . . . . . . . . . . Garrison Access . | . . . . . . . . . . . . . . . . . . . . . . . . . . . . . Data Cores Recovered 1 | . . . . . . . . . . . . . . . . . 1 . . . . . . . . . . . Used . | . . . . . . . . . . . . . . . . . . . . . . . . . . . . . Hacking Detections 68 | . 5 . . . 7 . 4 1 . . . 13 6 1 1 . 6 4 . . 5 3 5 1 2 4 . . Full Trace Events 4 | . . . . . . . 2 . . . . . . 1 . . . . . . 1 . . . . . . . Feedback Events 1 | . . . . . . . . . . . . . . . . . . . . . 1 . . . . . . . Corruption 1 | . . . . . . . . . . . . . . . . . . . . . 1 . . . . . . . Feedback Blocked . | . . . . . . . . . . . . . . . . . . . . . . . . . . . . . Robot Schematics Acquired 8 | . . . . . . . . . . 8 . . . . . . . . . . . . . . . . . . Robots Built . | . . . . . . . . . . . . . . . . . . . . . . . . . . . . . Matter . | . . . . . . . . . . . . . . . . . . . . . . . . . . . . . Time . | . . . . . . . . . . . . . . . . . . . . . . . . . . . . . Total Robot Build Rating . | . . . . . . . . . . . . . . . . . . . . . . . . . . . . . Part Schematics Acquired 15 | . 1 . . . . . 6 . . 7 . 1 . . . . . . . . . . . . . . . . Parts Built 3 | . . . . . . . . 2 . . . . . . . . . 1 . . . . . . . . . . Matter 489 | . . . . . . . . 204 . . . . . . . . . 285 . . . . . . . . . . Time 126 | . . . . . . . . 50 . . . . . . . . . 76 . . . . . . . . . . Total Part Build Rating 7 | . . . . . . . . 2 . . . . . . . . . 5 . . . . . . . . . . Parts Repaired 5 | . 1 . . . . . . . . . . 3 . . . . . . . . . . 1 . . . . . Time 255 | . 13 . . . . . . . . . . 98 . . . . . 108 . . . . 36 . . . . . Parts Recycled . | . . . . . . . . . . . . . . . . . . . . . . . . . . . . . Recycled Matter . | . . . . . . . . . . . . . . . . . . . . . . . . . . . . . Retrieved Matter . | . . . . . . . . . . . . . . . . . . . . . . . . . . . . . Retrieved Components . | . . . . . . . . . . . . . . . . . . . . . . . . . . . . . Parts Scanalyzed 7 | . . . . . . . 6 . . . . 1 . . . . . . . . . . . . . . . . Part Schematics Acquired 7 | . . . . . . . 6 . . . . 1 . . . . . . . . . . . . . . . . Parts Damaged 1 | . . . . . . . . . . . . 1 . . . . . . . . . . . . . . . . Bothacking | -11 -10 -10 -10 -9 -8 -8 -8 -7 -7 -7 -6 -6 -5 -5 -5 -5 -5 -4 -4 -4 -3 -3 -3 -2 -2 -1 -1 -1 ------------ Run | Scr Mat Min Exi Min Mat Gar Mat Fac Low Dat Pro Fac Fac Ext Cet Arc Hub Fac Upp Upp Res Qua Sec Res Tes Acc Com Ac0 Used RIF Installer 1 | . . . . . . 1 . . . . . . . . . . . . . . . . . . . . . . Robots Hacked 17 | . . . . . . . . 2 . . 1 3 1 2 . . . . 1 . . 5 1 . . 1 . . Non-combat 11 | . . . . . . . . 2 . . . 3 1 1 . . . . 1 . . 3 . . . . . . Combat 6 | . . . . . . . . . . . 1 . . 1 . . . . . . . 2 1 . . 1 . . Robot Hacks Applied 19 | . . . . . . . . 3 . . 1 3 1 3 . . . . 1 . . 5 1 . . 1 . . parse_system 7 | . . . . . . . . . . . 1 1 . 2 . . . . 1 . . 1 . . . 1 . . no_distress 7 | . . . . . . . . 2 . . . 2 1 1 . . . . . . . 1 . . . . . . find_station 1 | . . . . . . . . 1 . . . . . . . . . . . . . . . . . . . . purge_threat 1 | . . . . . . . . . . . . . . . . . . . . . . 1 . . . . . . disable_scanner 3 | . . . . . . . . . . . . . . . . . . . . . . 2 1 . . . . . Relay Couplers Released 12 | . . . . . . 9 . . . . . . . . . . . . . . . . . 3 . . . . Machine Destruction 12 | . . . . . . 9 . . . . . . . . . . . . . . . . . 3 . . . . Attached 2 | . . . . . . . . . . . . . . . . . . . . . . 1 1 . . . . . Robots Rewired 4 | . . . . . . . . . . . 1 . . 3 . . . . . . . . . . . . . . Allies Hacked . | . . . . . . . . . . . . . . . . . . . . . . . . . . . . . Hacks Repelled . | . . . . . . . . . . . . . . . . . . . . . . . . . . . . . Allies | -11 -10 -10 -10 -9 -8 -8 -8 -7 -7 -7 -6 -6 -5 -5 -5 -5 -5 -4 -4 -4 -3 -3 -3 -2 -2 -1 -1 -1 -------- Run | Scr Mat Min Exi Min Mat Gar Mat Fac Low Dat Pro Fac Fac Ext Cet Arc Hub Fac Upp Upp Res Qua Sec Res Tes Acc Com Ac0 Total Allies 20 | . . 2 . . . . . . . . 2 . . 9 5 . 1 . . . . 1 . . . . . . Largest Group 7 | . . 2 . . . . . . . . 2 1 . 7 6 4 3 . . . . 1 . . . . . . Highest-Rated Group 613 | . . 45 . . . . . . . . 108 30 . 320 613 409 282 . . . . 26 . . . . . . Highest-Rated Ally 156 | . . 31 . . . . . . . . 94 30 . 156 143 127 94 . . . . 26 . . . . . . Total Orders . | . . . . . . . . . . . . . . . . . . . . . . . . . . . . . Ally Attacks 223 | . . 8 . . . . . . . . 39 9 . 75 30 14 48 . . . . . . . . . . . Total Damage 6690 | . . 126 . . . . . . . . 1107 291 . 1722 1040 568 1836 . . . . . . . . . . . Kills 49 | . . 5 . . . . . . . . 3 2 . 13 12 3 11 . . . . . . . . . . . Allies Corrupted . | . . . . . . . . . . . . . . . . . . . . . . . . . . . . . Allies Melted . | . . . . . . . . . . . . . . . . . . . . . . . . . . . . . Intel | -11 -10 -10 -10 -9 -8 -8 -8 -7 -7 -7 -6 -6 -5 -5 -5 -5 -5 -4 -4 -4 -3 -3 -3 -2 -2 -1 -1 -1 ------- Run | Scr Mat Min Exi Min Mat Gar Mat Fac Low Dat Pro Fac Fac Ext Cet Arc Hub Fac Upp Upp Res Qua Sec Res Tes Acc Com Ac0 Robot Analysis Total . | . . . . . . . . . . . . . . . . . . . . . . . . . . . . . Derelict Logs Recovered 11 | . . 2 . . . . . . 2 . 3 . . . . . . . 2 2 . . . . . . . . Drone Launches . | . . . . . . . . . . . . . . . . . . . . . . . . . . . . . Drone Recoveries . | . . . . . . . . . . . . . . . . . . . . . . . . . . . . . Exploration | -11 -10 -10 -10 -9 -8 -8 -8 -7 -7 -7 -6 -6 -5 -5 -5 -5 -5 -4 -4 -4 -3 -3 -3 -2 -2 -1 -1 -1 ------------- Run | Scr Mat Min Exi Min Mat Gar Mat Fac Low Dat Pro Fac Fac Ext Cet Arc Hub Fac Upp Upp Res Qua Sec Res Tes Acc Com Ac0 Turns Passed 44995 | 169 906 852 599 543 805 1505 920 1003 2120 162 1870 2600 1467 1087 495 1619 857 1309 2385 3061 3017 3406 1653 692 1296 1034 6765 798 Spaces Moved 19762 | 77 413 457 329 276 340 612 340 422 1056 83 886 1236 637 421 202 422 411 596 1137 1455 1037 1128 675 259 541 432 3567 315 Core 12 | 5 . . . . . . . . . . . . . . . . . . . . . . . . . . . 7 Treads 17910 | . . . . . 47 612 340 422 1056 83 886 1236 637 421 202 422 411 596 1137 1455 1037 1128 675 259 541 432 3567 308 Legs 1790 | 50 385 457 329 276 293 . . . . . . . . . . . . . . . . . . . . . . . Wheels 50 | 22 28 . . . . . . . . . . . . . . . . . . . . . . . . . . . Hover . | . . . . . . . . . . . . . . . . . . . . . . . . . . . . . Flight . | . . . . . . . . . . . . . . . . . . . . . . . . . . . . . Fastest Speed 50 | 50 80 160 130 190 156 180 175 195 195 195 175 175 175 180 160 160 160 180 200 200 172 172 180 180 172 172 155 50 Average Speed 179 | 104 156 177 176 190 173 180 176 195 195 195 194 175 178 180 179 161 177 181 200 200 200 172 180 180 175 172 159 152 Slowest Speed 205 | 120 180 180 190 190 186 180 180 195 195 195 195 176 180 183 183 180 180 200 200 200 205 180 200 180 180 172 200 155 Overloaded Moves . | . . . . . . . . . . . . . . . . . . . . . . . . . . . . . Propulsion Burnouts . | . . . . . . . . . . . . . . . . . . . . . . . . . . . . . Robots Hopped . | . . . . . . . . . . . . . . . . . . . . . . . . . . . . . Cave-ins Triggered . | . . . . . . . . . . . . . . . . . . . . . . . . . . . . . Teleports 5 | . . . . . . . . . . . . . . . . . . . . . . 2 . . 1 . 1 1 Exploration Rate (%) 55 | 4 72 75 66 65 40 81 44 10 92 69 93 35 17 58 71 98 54 16 94 94 30 88 31 11 74 15 87 30 Regions Visited 28 Branch Regions 17 Pre-discovered Areas 5 | . . 1 1 . . . . . . 1 1 . . . . . . . . 1 . . . . . . . . Known Exits Taken 22 | . 1 . . . 1 . 1 1 1 1 1 1 1 1 1 1 1 1 1 1 1 1 1 1 1 1 . . Unknown Exits Taken 5 | 1 . 1 1 1 . . . . . . . . . . . . . . . . . . . . . . 1 . Scrap Searched 11 | . . 1 . 2 . . . . 1 . 1 . . . . . . . 3 3 . . . . . . . . Spaces Dug 386 | . . . . . . 13 11 1 15 . 8 11 5 . . . 162 4 8 . 21 24 5 11 11 13 2 61 Terrain Destroyed 1927 | . . . . . . 54 53 87 26 . 42 53 64 6 17 12 365 46 15 18 44 114 25 14 46 17 94 715 Melee 5 | . . . . . . . . 1 . . . 4 . . . . . . . . . . . . . . . . Projectile 369 | . . . . . . . 22 1 . . . 9 10 3 2 12 22 40 15 18 44 63 9 14 20 17 20 28 AOE 1553 | . . . . . . 54 31 85 26 . 42 40 54 3 15 . 343 6 . . . 51 16 . 26 . 74 687 Terrain Rammed . | . . . . . . . . . . . . . . . . . . . . . . . . . . . . . Walls Destroyed . | . . . . . . . . . . . . . . . . . . . . . . . . . . . . . Machines Disabled . | . . . . . . . . . . . . . . . . . . . . . . . . . . . . . Actions | -11 -10 -10 -10 -9 -8 -8 -8 -7 -7 -7 -6 -6 -5 -5 -5 -5 -5 -4 -4 -4 -3 -3 -3 -2 -2 -1 -1 -1 --------- Run | Scr Mat Min Exi Min Mat Gar Mat Fac Low Dat Pro Fac Fac Ext Cet Arc Hub Fac Upp Upp Res Qua Sec Res Tes Acc Com Ac0 Total 26913 | 131 558 480 349 286 439 842 528 550 1092 83 973 1541 826 640 318 1333 488 733 1222 1585 1770 2323 965 449 789 637 4475 508 Wait 3907 | 18 43 6 . 2 16 73 62 51 2 . 34 118 43 98 50 874 19 32 43 109 497 884 86 113 75 67 481 11 Move 19734 | 76 412 456 328 275 340 611 339 421 1055 82 885 1235 636 420 201 421 410 595 1136 1454 1036 1127 674 258 540 431 3566 314 Hop . | . . . . . . . . . . . . . . . . . . . . . . . . . . . . . Pick Up 307 | 6 14 2 18 2 6 14 15 12 2 . . 26 11 12 9 8 6 7 3 . 14 18 13 5 11 14 46 13 Fast Attach 268 | 9 8 . 1 . 4 4 6 2 . . 1 11 6 5 7 1 2 6 6 3 20 27 19 8 27 10 66 9 Attach 135 | 1 . . . . 5 16 2 5 3 . 5 5 7 5 . . . 4 . . 3 11 11 5 1 3 29 14 Detach 62 | . 2 . . . . 4 . . 2 . . 1 1 1 2 . . 2 . 1 2 8 8 1 3 . 17 7 Swap 607 | 1 2 2 . . 8 11 10 23 16 1 15 48 45 25 19 5 17 40 11 7 77 65 46 14 24 30 40 5 Drop 464 | 4 10 4 2 2 8 5 21 6 . . 1 31 9 15 18 9 9 9 7 3 31 42 18 15 40 19 109 17 Fire 1350 | 16 65 10 . 5 52 91 73 26 8 . 30 54 67 53 12 15 25 38 16 8 90 138 90 30 68 63 89 118 Melee 31 | . . . . . . . . 4 4 . 2 12 1 6 . . . . . . . 2 . . . . . . Ram 1 | . . . . . . . . . . . . . . . . . . . . . . 1 . . . . . . Kick 2 | . 2 . . . . . . . . . . . . . . . . . . . . . . . . . . . Crush . | . . . . . . . . . . . . . . . . . . . . . . . . . . . . . Escape Stasis 45 | . . . . . . 13 . . . . . . . . . . . . . . . . . . . . 32 . Rewire . | . . . . . . . . . . . . . . . . . . . . . . . . . . . . . Trap . | . . . . . . . . . . . . . . . . . . . . . . . . . . . . . Miscellaneous . | . . . . . . . . . . . . . . . . . . . . . . . . . . . . . Route ------- -11/Scrapyard -10/Materials (discovered 4 exits: [*Mat x2] / *Min x2) -10/Mines (discovered 2 exits: [*Mat] / *Exi) -10/Exiles (discovered 2 exits: [*Min x2]) -9/Mines -8/Materials (discovered 3 exits: *Fac x2 / Gar) -8/Garrison (discovered 3 exits: *Mat x3) -8/Materials -7/Factory -7/Lower Caves (discovered 2 exits: *Low / *Dat) -7/Data Miner -6/Proximity Caves -6/Factory (discovered 5 exits: *Fac x3 / *Low x2) -5/Factory (discovered 4 exits: Upp x2 / *Ext x2) -5/Extension (discovered 2 exits: *Fac / *Cet) -5/Cetus (discovered 2 exits: *Fac / *Arc) -5/Archives (discovered 3 exits: *Fac / *Hub x2) -5/Hub_04(d) (discovered 4 exits: *Fac x4) -4/Factory (discovered 2 exits: *Upp x2) -4/Upper Caves -4/Upper Caves (discovered 2 exits: *Res / *War) -3/Research (discovered 4 exits: *Res / Arm / *Qua x2) -3/Quarantine (discovered 2 exits: *Res / *Sec) -3/Section 7 -2/Research (discovered 3 exits: Acc / *Tes x2) -2/Testing -1/Access -1/Command (discovered 3 exits: [*Sur x2] / [*Ac0]) -1/Access_0 Near Former Tau Ceti IV History --------- Turn | Location | Event 4 | -11/Scrapyard | Discovered new exit (range 15) 170 | -11/Scrapyard | Entered Materials 268 | -10/Materials | Discovered new exit (range 12) 449 | -10/Materials | Discovered new exit (range 10) 637 | -10/Materials | Discovered new exit (range 12) 659 | -10/Materials | Build established: Mutant 805 | -10/Materials | Discovered new exit (range 16) 949 | -10/Materials | Identified exit to Mines 969 | -10/Materials | Repaired Assault Rifle 1076 | -10/Materials | Entered Mines 1096 | -10/Mines | Learned location of 1 exit from Materials 1121 | -10/Mines | A weapon hastily lodged in a ceiling crevice suddenly fell to the ground 1339 | -10/Mines | Received a Rocket Launcher from a helpful Derelict 1630 | -10/Mines | Assembled infested the area 1635 | -10/Mines | Assisted by a Guerilla fighting off Assembled 1907 | -10/Mines | Discovered new exit (range 5) 1922 | -10/Mines | Deemed a non-threat by the Exiles lab entrance 1922 | -10/Mines | Discovered new exit (range 5) 1928 | -10/Mines | Entered Exiles 1952 | -10/Exiles | Discovered new exit (range 14) 1996 | -10/Exiles | Met 8R-AWN 2023 | -10/Exiles | Met EX-HEX 2085 | -10/Exiles | Met EX-DEC 2092 | -10/Exiles | Learned location of Zion (-6) 2309 | -10/Exiles | Visited The Gauntlet 2451 | -10/Exiles | Build established: Hauler-Mutant 2502 | -10/Exiles | Discovered new exit (range 14) 2527 | -10/Exiles | Entered Mines 3011 | -9/Mines | Discovered new exit (range 10) 3070 | -9/Mines | Entered Materials 3070 | -8/Materials | Evolved 4 slots: Propulsion x1, Utility x2, Weapon x1 3071 | -8/Materials | Identified exit to Factory 3360 | -8/Materials | Build established: Hauler-Gunner 3385 | -8/Materials | Found Powered Armor 3388 | -8/Materials | Found Powered Armor 3391 | -8/Materials | Found Powered Armor 3394 | -8/Materials | Found Powered Armor 3682 | -8/Materials | Build established: Hauler-Tank 3686 | -8/Materials | Discovered exit to Factory (range 15) 3816 | -8/Materials | Garrison activated, responded to threat 3875 | -8/Materials | Identified exit to Garrison 3875 | -8/Materials | Entered Garrison 3922 | -8/Garrison | Triggered checkpoint 3999 | -8/Garrison | Garrison Relay disabled 4078 | -8/Garrison | Triggered checkpoint 4080 | -8/Garrison | Triggered checkpoint 4141 | -8/Garrison | Destroyed 10 combat bots 4148 | -8/Garrison | Lost 3 parts (3w) 4188 | -8/Garrison | Triggered checkpoint 4344 | -8/Garrison | Triggered checkpoint 4478 | -8/Garrison | Discovered new exit (range 13) 4572 | -8/Garrison | Triggered checkpoint 4599 | -8/Garrison | Spotted B-75 Beast 4599 | -8/Garrison | Spotted B-75 Beast 4776 | -8/Garrison | Destroyed B-75 Beast 4804 | -8/Garrison | Lost 8 parts (4n1u3w) 4853 | -8/Garrison | Destroyed B-75 Beast 4915 | -8/Garrison | Triggered checkpoint 4981 | -8/Garrison | Discovered new exit (range 8) 5054 | -8/Garrison | Triggered checkpoint 5238 | -8/Garrison | Triggered checkpoint 5340 | -8/Garrison | Discovered new exit (range 12) 5366 | -8/Garrison | Build established: Scavenger-Tank 5373 | -8/Garrison | Installed Relay Interface Framework 5380 | -8/Garrison | Entered Materials 5497 | -8/Materials | Core integrity fell below 50% 5511 | -8/Materials | Garrison activated, responded to threat 5780 | -8/Materials | First assault squad dispatched 5856 | -8/Materials | Destroyed 7 combat bots 6106 | -8/Materials | Build established: Hauler-Tank 6286 | -8/Materials | Discovered exit to Factory (range 7) 6300 | -8/Materials | Entered Factory 6300 | -7/Factory | Evolved 2 slots: Utility x2 6588 | -7/Factory | Fabricated Hcp. Storage Unit (x1) 6615 | -7/Factory | Fabricated Hcp. Storage Unit (x1) 6700 | -7/Factory | First assault squad dispatched 6754 | -7/Factory | Build established: Hauler-Skirmisher 6811 | -7/Factory | Discovered new exit (range 15) 6869 | -7/Factory | Identified exit to Lower Caves 7303 | -7/Factory | Entered Lower Caves 7474 | -7/Lower Caves | Build established: Hauler-Mutant 7589 | -7/Lower Caves | Encountered a Warlord checkpoint 7935 | -7/Lower Caves | Learned Factory terminal intel 8034 | -7/Lower Caves | Spotted B-75 Beast 8886 | -7/Lower Caves | Build established: Hauler-Skirmisher 9200 | -7/Lower Caves | A Derelict revealed a hidden shortcut to meet someone special 9203 | -7/Lower Caves | Identified exit to Data Miner 9226 | -7/Lower Caves | Learned Factory interactive machine intel 9228 | -7/Lower Caves | Discovered new exit (range 9) 9242 | -7/Lower Caves | Identified exit to Lower Caves 9423 | -7/Lower Caves | Build established: Hauler-Mutant 9423 | -7/Lower Caves | Entered Data Miner 9425 | -7/Data Miner | Discovered new exit (range 6) 9462 | -7/Data Miner | Met Data Miner 9497 | -7/Data Miner | Learned location of Section 7 (-3) 9497 | -7/Data Miner | Acquired the access code to Warlord's prototype stash 9530 | -7/Data Miner | Received God Mode back door access code from Data Miner 9583 | -7/Data Miner | Identified exit to Proximity Caves 9585 | -7/Data Miner | Entered Proximity Caves 9729 | -6/Proximity Caves | Build established: Hauler-Skirmisher 9919 | -6/Proximity Caves | Learned Factory trap positions 9978 | -6/Proximity Caves | Escorted by Enhanced Grunt 10285 | -6/Proximity Caves | Received a Behemoth hack from an annoying Tinkerer 10702 | -6/Proximity Caves | Attracted the attention of an 0b10 outpost 11067 | -6/Proximity Caves | Attracted the attention of an 0b10 checkpoint 11173 | -6/Proximity Caves | Discovered new exit (range 10) 11189 | -6/Proximity Caves | Identified exit to Factory 11241 | -6/Proximity Caves | Build established: Hauler-Tank 11455 | -6/Proximity Caves | Entered Factory 11455 | -6/Factory | Accompanied by 1 ally 11455 | -6/Factory | Evolved 2 slots: Propulsion x1, Utility x1 11456 | -6/Factory | Identified exit to Lower Caves 11457 | -6/Factory | Loaded intel: 92 trap records 11458 | -6/Factory | Loaded intel: 46 interactive machine locations 11459 | -6/Factory | Loaded intel: 20 terminal locations 11552 | -6/Factory | Repaired Adv. Treads 12026 | -6/Factory | Build established: Hauler-Gunner 12124 | -6/Factory | Discovered new exit (range 10) 12161 | -6/Factory | Garrison activated, responded to threat 12181 | -6/Factory | Identified exit to Factory 12758 | -6/Factory | Discovered exit to Factory (range 14) 13433 | -6/Factory | Build established: Hauler-Mutant 13640 | -6/Factory | Discovered exit to Factory (range 13) 13754 | -6/Factory | Repaired Broken Imp. Armor Integrity Analyzer 13867 | -6/Factory | Repaired Coil Gun 14055 | -6/Factory | Entered another Factory area 14055 | -5/Factory | Evolved 2 slots: Utility x2 14589 | -5/Factory | Identified exit to Upper Caves 14589 | -5/Factory | Identified exit to Extension 14825 | -5/Factory | Lost 3 parts (1u2w) 15522 | -5/Factory | Entered Extension 15947 | -5/Extension | Disrupted transfer network 15970 | -5/Extension | Rescued A7 16029 | -5/Extension | Rescued a captive Derelict 16030 | -5/Extension | Rescued a captive Derelict 16234 | -5/Extension | Rescued a captive Derelict 16235 | -5/Extension | Rescued a captive Derelict 16328 | -5/Extension | Rescued a captive Derelict 16344 | -5/Extension | Spotted B-75 Beast 16354 | -5/Extension | Spotted B-75 Beast 16357 | -5/Extension | Allies destroyed B-75 Beast 16372 | -5/Extension | Allies destroyed B-75 Beast 16577 | -5/Extension | Discovered new exit (range 16) 16579 | -5/Extension | Discovered new exit (range 15) 16602 | -5/Extension | Identified exit to Cetus 16609 | -5/Extension | Entered Cetus 16609 | -5/Cetus | Accompanied by 1 ally (A7) 16614 | -5/Cetus | Acquired a Cetus Manufacturing Module code from A7 16636 | -5/Cetus | Spotted Cetus Guard 16636 | -5/Cetus | Spotted Cetus Guard 16642 | -5/Cetus | Destroyed Cetus Guard 16642 | -5/Cetus | Spotted Cetus Guard 16646 | -5/Cetus | Destroyed Cetus Guard 16646 | -5/Cetus | Spotted Cetus Guard 16647 | -5/Cetus | Allies destroyed Cetus Guard 16650 | -5/Cetus | Destroyed Cetus Guard 16762 | -5/Cetus | Started Cetus Manufacturing Module 16787 | -5/Cetus | Manufactured an Enhanced Grunt 16812 | -5/Cetus | Manufactured an Enhanced Grunt 16837 | -5/Cetus | Manufactured an Enhanced Grunt 16862 | -5/Cetus | Manufactured an Enhanced Grunt 16887 | -5/Cetus | Manufactured an Enhanced Grunt 16949 | -5/Cetus | Discovered new exit (range 15) 16986 | -5/Cetus | Spotted Cetus Guard 16986 | -5/Cetus | Spotted Cetus Guard 16990 | -5/Cetus | Spotted Cetus Guard 16990 | -5/Cetus | Spotted Cetus Guard 16992 | -5/Cetus | Destroyed Cetus Guard 16996 | -5/Cetus | Allies destroyed Cetus Guard 17002 | -5/Cetus | Destroyed Cetus Guard 17002 | -5/Cetus | Allies destroyed Cetus Guard 17006 | -5/Cetus | Discovered new exit (range 15) 17015 | -5/Cetus | Met Revision 17 17026 | -5/Cetus | Allies destroyed Revision 17 17101 | -5/Cetus | Identified exit to Archives 17104 | -5/Cetus | Entered Archives 17104 | -5/Archives | Accompanied by 4 allies (A7) 17211 | -5/Archives | Discovered new exit (range 14) 17229 | -5/Archives | Discovered new exit (range 14) 17248 | -5/Archives | Discovered new exit (range 13) 17457 | -5/Archives | Build established: Scavenger-Skirmisher 17589 | -5/Archives | Identified exit to Hub_04(d) 17649 | -5/Archives | Identified exit to Factory 18723 | -5/Archives | Entered Hub_04(d) 18723 | -5/Hub_04(d) | Accompanied by 3 allies 19100 | -5/Hub_04(d) | Discovered exit to Factory (range 10) 19291 | -5/Hub_04(d) | Spotted B-75 Beast 19301 | -5/Hub_04(d) | Destroyed B-75 Beast 19548 | -5/Hub_04(d) | Network Hub disabled 19569 | -5/Hub_04(d) | Spotted Lightning 19571 | -5/Hub_04(d) | Network Hub disabled 19571 | -5/Hub_04(d) | Spotted Lightning 19572 | -5/Hub_04(d) | Spotted Lightning 19573 | -5/Hub_04(d) | Spotted Lightning 19575 | -5/Hub_04(d) | Spotted Lightning 19576 | -5/Hub_04(d) | Spotted Lightning 19577 | -5/Hub_04(d) | Spotted Lightning 19579 | -5/Hub_04(d) | Spotted Lightning 19580 | -5/Hub_04(d) | Entered Factory 19580 | -4/Factory | Evolved 2 slots: Utility x1, Weapon x1 19868 | -4/Factory | Build established: Scavenger-Tank 20018 | -4/Factory | Identified exit to Upper Caves 20053 | -4/Factory | Found Exp. Terrain Scan Processor 20137 | -4/Factory | Fabricated Lgt. Regenerative Plating? 20586 | -4/Factory | Garrison activated, responded to threat 20889 | -4/Factory | Entered Upper Caves 21186 | -4/Upper Caves | Build established: Scavenger-Skirmisher 21572 | -4/Upper Caves | Build established: Scavenger-Mutant 21599 | -4/Upper Caves | Learned Research non-interactive machine intel 21841 | -4/Upper Caves | Ambushed by wild Derelicts 22132 | -4/Upper Caves | Build established: Scavenger-Skirmisher 22947 | -4/Upper Caves | Learned 4 Research zone layouts 22998 | -4/Upper Caves | Found Alien Artifact 22998 | -4/Upper Caves | Identified Core Expander 22998 | -4/Upper Caves | Installed Core Expander, added new Weapon slot 23064 | -4/Upper Caves | Discovered new exit (range 10) 23121 | -4/Upper Caves | Encountered a Warlord checkpoint 23210 | -4/Upper Caves | Identified exit to Upper Caves 23274 | -4/Upper Caves | Entered another Upper Caves area 24322 | -4/Upper Caves | Learned Research emergency access door positions 25542 | -4/Upper Caves | Discovered new exit (range 5) 25746 | -4/Upper Caves | Attacked by a delusional Derelict stockpiling parts 25815 | -4/Upper Caves | Identified exit to Warlord 26259 | -4/Upper Caves | Discovered new exit (range 14) 26329 | -4/Upper Caves | Identified exit to Research 26335 | -4/Upper Caves | Entered Research 26335 | -3/Research | Evolved 2 slots: Power x1, Utility x1 26338 | -3/Research | Loaded intel: 55 non-interactive machine locations 26998 | -3/Research | Found Unknown Device 26998 | -3/Research | Identified Antimissile System 27137 | -3/Research | Discovered new exit (range 15) 27166 | -3/Research | Identified exit to Research 27415 | -3/Research | Build established: Scavenger-Tank 27617 | -3/Research | Found Fusion Bomb Launcher 27951 | -3/Research | Identified exit to Armory 27951 | -3/Research | Identified exit to Quarantine 29163 | -3/Research | Build established: Hauler-Mutant 29352 | -3/Research | Entered Quarantine 29609 | -3/Quarantine | Found Alien Artifact 29694 | -3/Quarantine | Scanned by Researcher 29732 | -3/Quarantine | Found Alien Artifact 29732 | -3/Quarantine | Identified Hpw. Transdimensional Reconstructor 29732 | -3/Quarantine | Warped through subspace 29925 | -3/Quarantine | Found Hpw. Transdimensional Reconstructor 29929 | -3/Quarantine | Found Hpw. Transdimensional Reconstructor 29940 | -3/Quarantine | Found Alien Artifact 29951 | -3/Quarantine | Found Alien Artifact 29951 | -3/Quarantine | Identified Transdimensional Reconstructor 29951 | -3/Quarantine | Warped through subspace 30136 | -3/Quarantine | Found Alien Artifact 30136 | -3/Quarantine | Identified Phase Armor 30422 | -3/Quarantine | Found Alien Artifact 30506 | -3/Quarantine | Found Alien Artifact 30653 | -3/Quarantine | Discovered exit to Research (range 13) 30730 | -3/Quarantine | Found Prototype Hackware 30730 | -3/Quarantine | Identified Exp. Hacking Suite 30785 | -3/Quarantine | Spotted Alpha 7 30895 | -3/Quarantine | Identified Dimensional Node Initializer 30895 | -3/Quarantine | Identified Core Reset Matrix 30895 | -3/Quarantine | Identified Subatomic Replicator 30976 | -3/Quarantine | Found Alien Artifact 30976 | -3/Quarantine | Identified Terrabomb 30976 | -3/Quarantine | Used Terrabomb 31017 | -3/Quarantine | System corruption reached 10% 31371 | -3/Quarantine | Core integrity fell below 50% 31399 | -3/Quarantine | Found Prototype Launcher 31540 | -3/Quarantine | Found Alien Impact Weapon 32075 | -3/Quarantine | Identified Core Stripper 32099 | -3/Quarantine | Spotted Fortress 32111 | -3/Quarantine | Destroyed Fortress 32119 | -3/Quarantine | Found Prototype Protection 32119 | -3/Quarantine | Identified Centrium Heavy Armor Plating 32132 | -3/Quarantine | Found Prototype Reactor 32132 | -3/Quarantine | Identified Vortex Chain Reactor 32136 | -3/Quarantine | Found Prototype Device 32136 | -3/Quarantine | Identified EM Dispersion Field 32147 | -3/Quarantine | Found Unknown Protection 32147 | -3/Quarantine | Identified Hvy. Insulated Plating 32212 | -3/Quarantine | Found Prototype Device 32212 | -3/Quarantine | Identified Thermal Barrier 32231 | -3/Quarantine | Found Prototype Device 32231 | -3/Quarantine | Identified Exp. Force Field 32368 | -3/Quarantine | Discovered new exit (range 6) 32376 | -3/Quarantine | Identified exit to Section 7 32758 | -3/Quarantine | Entered Section 7 32856 | -3/Section 7 | Repaired Centrium Heavy Armor Plating 32992 | -3/Section 7 | Found Alien Artifact 33354 | -3/Section 7 | Identified Integrity Redistributor 33354 | -3/Section 7 | Identified Com. Tesla Bomb Launcher 33536 | -3/Section 7 | Spotted S7 Guard 33571 | -3/Section 7 | Destroyed S7 Guard 33598 | -3/Section 7 | Found Prototype Protection 33598 | -3/Section 7 | Identified Hvy. Regenerative Plating 33609 | -3/Section 7 | Destroyed 13 combat bots 33614 | -3/Section 7 | Lost 5 parts (1p1n1u2w) 33624 | -3/Section 7 | Found Prototype Launcher 33624 | -3/Section 7 | Identified Tactical Quantum Warhead 33707 | -3/Section 7 | Found Alien Artifact 33707 | -3/Section 7 | Identified Integrated Dissipator 33707 | -3/Section 7 | Installed Integrated Dissipator, increased core heat dissipation (+20) 33741 | -3/Section 7 | Spotted S7 Guard 33819 | -3/Section 7 | Destroyed S7 Guard 33829 | -3/Section 7 | Found Alien Artifact 33829 | -3/Section 7 | Identified Core Membrane 33829 | -3/Section 7 | Installed Core Membrane, gained immunity to corruption 33850 | -3/Section 7 | Found Hvy. Regenerative Plating 33996 | -3/Section 7 | Found Alien Artifact 33996 | -3/Section 7 | Identified Integrated Singularity Reactor 33996 | -3/Section 7 | Installed Integrated Singularity Reactor, increased core energy generation (+20) 34411 | -3/Section 7 | Entered Research 34411 | -2/Research | Evolved 2 slots: Utility x2 34437 | -2/Research | Identified exit to Testing 34705 | -2/Research | Discovered new exit (range 24) 34738 | -2/Research | Build established: Scavenger-Mutant 35103 | -2/Research | Entered Testing 35296 | -2/Testing | Found Prototype Launcher 35296 | -2/Testing | Identified Adv. Micro-nuke Launcher 35312 | -2/Testing | Found Prototype Processor 35312 | -2/Testing | Identified Exp. Core Analyzer 35429 | -2/Testing | Found Prototype Energy Cannon 35563 | -2/Testing | Found Prototype Launcher 35563 | -2/Testing | Identified Z-bomb Delivery System 35722 | -2/Testing | Found Prototype Processor 35722 | -2/Testing | Identified Exp. Signal Interpreter 35758 | -2/Testing | Found Prototype Device 35758 | -2/Testing | Identified EM Disruption Field 35794 | -2/Testing | Identified exit to Access 35995 | -2/Testing | Found Prototype Hackware 36121 | -2/Testing | Warped through subspace 36290 | -2/Testing | Found Prototype Device 36290 | -2/Testing | Identified Exp. Hardlight Generator 36324 | -2/Testing | Found Prototype Ballistic Cannon 36324 | -2/Testing | Identified Perforator 36399 | -2/Testing | Entered Access 36399 | -1/Access | Evolved 2 slots: Power x1, Utility x1 36466 | -1/Access | Identified Ghost Barrier 36934 | -1/Access | Build established: Generator-Mutant 36960 | -1/Access | Found Enh. Gamma Rifle 36968 | -1/Access | Found Enh. Gamma Rifle 37349 | -1/Access | Discovered new exit (range 23) 37431 | -1/Access | Identified exit to Command 37433 | -1/Access | Entered Command 37712 | -1/Command | Spotted M Guard 37712 | -1/Command | Spotted M Guard 37712 | -1/Command | Spotted Combat Programmer 37720 | -1/Command | Spotted Combat Programmer 37726 | -1/Command | Destroyed M Guard 37739 | -1/Command | Destroyed M Guard 37755 | -1/Command | Destroyed Combat Programmer 37758 | -1/Command | Destroyed Combat Programmer 37758 | -1/Command | All MAIN.C guards destroyed 37782 | -1/Command | Found Prototype Reactor 37782 | -1/Command | Identified Zero-point Reactor 37789 | -1/Command | Found Prototype Device 37789 | -1/Command | Identified AEGIS Remote Shield 37794 | -1/Command | Found Zero-point Reactor 37800 | -1/Command | Found Prototype Energy Cannon 37831 | -1/Command | Found AEGIS Remote Shield 37836 | -1/Command | Found Zero-point Reactor 37843 | -1/Command | Found Zero-point Reactor 37850 | -1/Command | Found Prototype Launcher 37850 | -1/Command | Identified Hellfire Missile Launcher 37894 | -1/Command | Identified Cld. Nova Cannon 37895 | -1/Command | Identified Potential Cannon 37905 | -1/Command | Met MAIN.C 37908 | -1/Command | 0b10 Conduit disabled 37917 | -1/Command | Destroyed MAIN.C Shell 37919 | -1/Command | MAIN.C activated Command garrisons 38019 | -1/Command | Destroyed MAIN.C 38033 | -1/Command | Lost 6 parts (2u4w) 38432 | -1/Command | Build established: Scavenger-Mutant 38666 | -1/Command | Spotted B-99 Colossus 38671 | -1/Command | Destroyed B-99 Colossus 38707 | -1/Command | Found Prototype Ballistic Gun 38832 | -1/Command | Found Unknown Launcher 38832 | -1/Command | Identified Gamma Bomb Array 39107 | -1/Command | Build established: Generator-Gunner 39237 | -1/Command | Discovered new exit (range 13) 39719 | -1/Command | Build established: Generator-Mutant 40053 | -1/Command | Found Hvy. Regenerative Plating 40224 | -1/Command | Found Prototype Processor 40224 | -1/Command | Identified Exp. Target Analyzer 40238 | -1/Command | Found Prototype Device 40238 | -1/Command | Identified Adv. Kinecellerator 40248 | -1/Command | Found Prototype Processor 40248 | -1/Command | Identified Exp. Targeting Computer 40531 | -1/Command | Build established: Scavenger-Mutant 40536 | -1/Command | Identified Multirail 40833 | -1/Command | Build established: Generator-Mutant 41196 | -1/Command | Phase Generator disabled 41392 | -1/Command | Found Exp. Targeting Computer 41411 | -1/Command | Found Exp. Targeting Computer 41480 | -1/Command | Discovered new exit (range 8) 43590 | -1/Command | Found Vortex Chain Reactor 43594 | -1/Command | Found Vortex Chain Reactor 43614 | -1/Command | Found Prototype Device 43614 | -1/Command | Identified Exp. Transmission Jammer 43625 | -1/Command | Found Prototype Device 43625 | -1/Command | Identified Beam Splitter 43654 | -1/Command | Found Cld. Nova Cannon 43901 | -1/Command | Used Subatomic Replicator to replicate Integrity Redistributor 44118 | -1/Command | Build established: Generator-Skirmisher 44191 | -1/Command | Warped through subspace to slip node 44191 | -1/Command | Discovered new exit (range 5) 44198 | -1/Command | Entered Access_0 44201 | -1/Access_0 | Met Architect 44204 | -1/Access_0 | Architect warped through subspace 44205 | -1/Access_0 | Destroyed A8 44242 | -1/Access_0 | Architect warped through subspace 44280 | -1/Access_0 | Architect warped through subspace 44288 | -1/Access_0 | Found Prototype Device 44289 | -1/Access_0 | Identified Exp. Phase Shifter 44304 | -1/Access_0 | Found Prototype Device 44304 | -1/Access_0 | Identified Exp. Weapon Cycler 44316 | -1/Access_0 | Architect warped through subspace 44334 | -1/Access_0 | Subspace Access Node disabled 44364 | -1/Access_0 | Architect warped through subspace 44415 | -1/Access_0 | Architect warped through subspace 44452 | -1/Access_0 | Architect warped through subspace 44492 | -1/Access_0 | Architect warped through subspace 44496 | -1/Access_0 | A6 warped into view 44501 | -1/Access_0 | Destroyed A6 44528 | -1/Access_0 | Architect warped through subspace 44556 | -1/Access_0 | Subspace Access Node disabled 44561 | -1/Access_0 | Architect warped through subspace 44589 | -1/Access_0 | Architect warped through subspace 44608 | -1/Access_0 | Found Prototype Processor 44608 | -1/Access_0 | Identified Exp. Melee Analysis Suite 44611 | -1/Access_0 | Found Prototype Device 44611 | -1/Access_0 | Identified Exp. Shield Generator 44624 | -1/Access_0 | Architect warped through subspace 44648 | -1/Access_0 | Used Integrity Redistributor, redistributed integrity from core (-183) 44652 | -1/Access_0 | Architect warped through subspace 44678 | -1/Access_0 | Architect warped through subspace 44697 | -1/Access_0 | Architect warped through subspace 44717 | -1/Access_0 | Architect warped through subspace 44730 | -1/Access_0 | Architect warped through subspace 44753 | -1/Access_0 | Architect warped through subspace 44774 | -1/Access_0 | Architect warped through subspace 44791 | -1/Access_0 | Subspace Access Node disabled 44793 | -1/Access_0 | Used Integrity Redistributor, redistributed integrity from core (-53) 44794 | -1/Access_0 | Core integrity fell below 50% 44803 | -1/Access_0 | Architect warped through subspace 44824 | -1/Access_0 | A5 warped into view 44827 | -1/Access_0 | Architect warped through subspace 44837 | -1/Access_0 | Destroyed A5 44842 | -1/Access_0 | Architect warped through subspace 44861 | -1/Access_0 | Architect warped through subspace 44881 | -1/Access_0 | Architect warped through subspace 44912 | -1/Access_0 | Architect warped through subspace 44938 | -1/Access_0 | Architect warped through subspace 44962 | -1/Access_0 | Subspace Access Node disabled 44989 | -1/Access_0 | Destroyed Architect 44990 | -1/Access_0 | Architect triggered a singularity event 44992 | -1/Access_0 | Found Hpw. Transdimensional Reconstructor 44992 | -1/Access_0 | Warped through subspace to slip node 44992 | -1/Access_0 | Discovered new exit (range 8) 44993 | -1/Access_0 | Released all parts (18) 44996 | *** | Escaped singularity! Last Messages --------------- 44993_ Hvy. Regenerative Plating crushed and broken. 44993_ Released Exp. Weapon Cycler. 44993_ Exp. Weapon Cycler crushed and broken. 44993_ Released AEGIS Remote Shield. 44993_ AEGIS Remote Shield crushed and broken. 44993_ Released Lrn. Terrain Scanner. 44993_ Lrn. Terrain Scanner crushed and broken. 44993_ Released 2N-1CE's Frost Array. 44993_ 2N-1CE's Frost Array crushed and broken. 44993_ Released Zero-point Reactor. 44993_ Zero-point Reactor crushed and broken. 44993_ Released Graviton Cannon. 44993_ Graviton Cannon crushed and broken. 44993_ Released Potential Cannon. 44993_ Potential Cannon crushed and broken. 44994_ A0_COM: 7. 44994_ Extracted 40 matter. 44995_ A0_COM: 6. 44996_ A0_COM: 5. [Achievement: Collector] Map ----- +----------------------------------------------------+ | | | | | | | | | | | | | | | | | | | | | | | | | | | | | | | | | ???????????????#?????????????#?????#?????????????? | | ???????????????????#??#?????????????????#????????? | | ????????????????????#?????#????????#???????#?????? | | ?????#???#????#??????????????????????????????????? | | ???????##?????????#???#??????????????#?#??#??????? | | ?????????????????#????????#????????????#?????????? | | ???????????#??##????????###????????????#?????????? | | ??#????????????????????## ##?????????????????????? | | ????????#????#????????## #??????#????????#?????? | | ??????????#???????????## @ #?#????????????#??????? | | ?????????????#??#?#???## #??##???????????????#?? | | ??????????????????????# !! #?????????#????????#??? | | ???????#???##?????????#!!=##?????????????????????? | | ?#????????#??????????###!!]#?????????????????????? | | ?#????????????????????#!!!!#?????????????????????? | | ??????????????#???????#!!!###??????????#?????????? | | ??????????????#??????##!*=!#???????#??#????????##? | | ?#?#?????????????#????#!=[##????????????#????????? | | ?????#????????????????##!]#???#?????#???????#????? | | ???????????????????????#####???##????????????????? | | ?????????????????#??????????????#????#???????????? | | ???????????????#???????????????#?????????#???????? | | ???#?#?##????????#????#???#???#?#?##?????????????? | | ???????????????????##?????#?????????#??????#?????? | | ??#?????#????????????????#????#??#???????????##??? | | ?????????????????????????????????????????????????? | | ???###???????#?????????????#?????????????????????? | | ???????????????????#????#????????#?#?#????#??????? | | ???????#?#?????#????#?#??????????????????????????? | | ???????#?#???#???#????????#????????#?????????????? | | ????????????????????????????????????#???#????????? | | ???????????????#?????##???????????????#??????????? | | ????????????????????#???????????????????##???????? | | ???????????????#???#???????#?????????#???????????? | +----------------------------------------------------+ Best States ------------- Heat Dissipation 172 Coolant Potential 120 Energy Generation 109 Energy Capacity 1840 Matter Stores 700 Matter Capacity 900 Sight Range 23 Robot Scan Range 20 Terrain Scan Range 24 Terrain Scan Density 1010 Jamming Range 16 Armor Coverage 2400 Resistance: KI 30 Resistance: EM 75 Propulsion Shielding 33 Weapon Shielding 90 Point Defense Rating 240 Thermal Conversion 90 Weapon Cycling 30 Phase Shifting 20 Evasion (%) 57 Targeting Accuracy 12 Target Analysis 12 Armor Integrity Analysis 66 Recoil Reduction 4 Matter Filtering 50 Kinecelleration 50 Offensive Hacking 28 Defensive Hacking 20 Relay Coupler Types 26 Relay Coupler Value 1 Item Schematics ----------------- Hcp. Storage Unit | -10/Materials | Hacked Powered Armor | -8/Materials | Scanalyzed Lgt. Armor Plating | -8/Materials | Scanalyzed Rocket Launcher | -8/Materials | Scanalyzed Adv. Signal Interpreter | -8/Materials | Scanalyzed Imp. Medium Treads | -8/Materials | Scanalyzed Hvy. Machine Gun | -8/Materials | Scanalyzed Combat Drone Bay | -7/Data Miner | Free Lgt. Regenerative Plating | -7/Data Miner | Free Exp. Cesium-ion Thruster | -7/Data Miner | Free Exp. Terrain Scanner | -7/Data Miner | Free Exp. Terrain Scan Processor | -7/Data Miner | Free Exp. ECM Suite | -7/Data Miner | Free Cloaking Device | -7/Data Miner | Free Imp. Armor Integrity Analyzer | -6/Factory | Scanalyzed Robot Schematics ------------------ S-27 Virus | -7/Data Miner | Free G-50 Soldier | -7/Data Miner | Free G-67 Veteran | -7/Data Miner | Free L-41 Fighter | -7/Data Miner | Free X-72 Disruptor | -7/Data Miner | Free H-66 Slayer | -7/Data Miner | Free P-70 Sage | -7/Data Miner | Free I-36 Angel | -7/Data Miner | Free Fabricated ------------ Hcp. Storage Unit | x1 | -7/Factory Hcp. Storage Unit | x1 | -7/Factory Lgt. Regenerative Plating | x1 | -4/Factory Alien Tech Used ----------------- Core Expander High-powered Transdimensional Reconstructor Transdimensional Reconstructor Phase Armor Terrabomb Core Stripper Integrated Dissipator Core Membrane Integrated Singularity Reactor Subatomic Replicator Integrity Redistributor Achievements -------------- Collector Max Potential Sunderer Challenges ------------ None Game ------ Seed SlugTransmissionBroadsword Manual? 0 Play Time 07:28:10 Cumulative 161.1 hours Start 2021.06.04 @ 00:58:40 End 2021.06.09 @ 21:53:05 Sessions 31 Manual Loads 0 Difficulty Rogue Special Mode None Game No. 37 Rogue 36 Adventurer 0 Explorer 1 Win Type 6 Total 10 Types 3/2/1/1/0/0/2/1/0 Lore% 60 Gallery% 76 Achievement% 60 Wizard Run 0 Options --------- ASCII 0 Keyboard 0 Movement Mouse Keybinds 0 Fullscreen 1 Font 18/Terminus Map View 76x50 Tactical HUD 1 Map Filters NONE Filters NONE Steam 0 RUN: eb321334-5a1e-4c4e-86f0-4865d69043ac